[Event "Team 45 45 League T87"]
[Site "Internet Chess Club"]
[Date "2021.02.01"]
[Round "4"]
[White "cayo89"]
[Black "cityprosecutor"]
[Result "0-1"]
[WhiteElo "1521"]
[BlackElo "1665"]
[Opening "Queen's pawn game"]
[ECO "A45"]
[Time "20:06:19"]
[TimeControl "2700+45"]

1. d4 Nf6 2. Nc3 c5 3. d5 d6 4. e4 g6 5. Be2 Bg7 6. h4 O-O 7. h5 b5 8. hxg6 fxg6
9. Bf3 b4 10. Nce2 Nbd7 11. Ng3 Ne5 12. Be2 a5 13. Nf3 Nxf3+ 14. gxf3 a4 15. Bh6
a3 16. bxa3 Bxh6 17. Rxh6 Rxa3 18. Qd2 Qa5 19. Bc4 Ba6 20. Bxa6 Qxa6 21. Qe2 Qa7
22. f4 Rxa2 23. Rxa2 Qxa2 24. Qd2 Qc4 25. f3 Ra8 26. f5 Ra1+ 27. Kf2 Ra2 {White
resigns} 0-1

[Event "Team 45 45 League T87"]
[Site "Internet Chess Club"]
[Date "2021.01.31"]
[Round "4"]
[White "scostanzo212"]
[Black "timothysmall56"]
[Result "1/2-1/2"]
[WhiteElo "1559"]
[BlackElo "1661"]
[Opening "QGD: exchange, positional line"]
[ECO "D35"]
[Time "10:26:48"]
[TimeControl "2700+45"]

1. d4 Nf6 2. c4 e6 3. Nc3 d5 4. cxd5 exd5 5. Bg5 Be7 6. e3 O-O 7. Bd3 h6 8. Bf4
a6 9. h3 c5 10. dxc5 Bxc5 11. Nge2 b5 12. O-O Bb7 13. Nd4 Nc6 14. Nce2 Rc8 15.
Rc1 Bd6 16. Bxd6 Qxd6 17. Nxc6 Bxc6 18. Nd4 Bd7 19. Bf5 Bxf5 20. Nxf5 Qe5 21.
Nd4 Rfe8 22. Rc2 Rc4 23. b3 Rxc2 24. Qxc2 Qd6 25. Rc1 g6 26. Qc6 Rd8 27. Qxd6
Rxd6 28. Rc6 Rxc6 29. Nxc6 Ne4 30. Nb4 Nc3 31. Nxa6 Nxa2 32. Nc7 Nc3 33. Kf1 Kf8
34. Ke1 Ke7 35. Kd2 b4 36. Na6 Ne4+ 37. Ke2 Kd6 38. Nxb4 Nc5 39. Nc2 Nxb3 40.
Kd3 Nc5+ 41. Ke2 Ke5 42. Nd4 f5 43. Nc6+ Kd6 44. Nd4 h5 45. h4 Ne6 46. Kf3 Nc5
47. Kf4 Nd3+ 48. Kg5 Nxf2 49. Kxg6 Ke5 50. Nxf5 Ng4 51. Ne7 Nxe3 52. Nxd5 Nxg2
53. Kxh5 Nxh4 {Game drawn because neither player has mating material} 1/2-1/2

[Event "Team 45 45 League T87"]
[Site "Internet Chess Club"]
[Date "2021.01.31"]
[Round "4"]
[White "Ajolote"]
[Black "McDreasor"]
[Result "0-1"]
[WhiteElo "2016"]
[BlackElo "1928"]
[Opening "Ruy Lopez: closed, anti-Marshall 8.a4"]
[ECO "C88"]
[Time "13:02:32"]
[TimeControl "2700+45"]

1. e4 e5 2. Nf3 Nc6 3. Bb5 a6 4. Ba4 b5 5. Bb3 Nf6 6. O-O Be7 7. Re1 O-O 8. a4
b4 9. d4 d6 10. dxe5 dxe5 11. Qxd8 Rxd8 12. Nbd2 Bd6 13. Nc4 Be6 14. Ng5 Bxc4
15. Bxc4 Rd7 16. Nf3 h6 17. h3 Na5 18. Bd3 c5 19. b3 c4 20. bxc4 Rc8 21. Nd2 b3
22. Nxb3 Bb4 23. Bd2 Nxb3 24. Bxb4 Nxa1 25. Rxa1 Rb7 26. c3 Rd8 27. Be2 Rd2 28.
Kf1 Nxe4 29. Bf3 f5 30. Bxe4 fxe4 31. Re1 Kf7 32. Rxe4 a5 33. Bxa5 Rb1+ 34. Re1
Rbb2 35. c5 Rxf2+ 36. Kg1 Rxg2+ 37. Kh1 Rh2+ 38. Kg1 Rbg2+ 39. Kf1 Ra2 40. Kg1
Ke6 41. c6 Rhe2 42. Rb1 Rg2+ 43. Kh1 Rgb2 44. Re1 Re2 45. Rb1 Rh2+ 46. Kg1 Rag2+
47. Kf1 Rh1+ 48. Kxg2 Rxb1 49. c7 Kd7 50. Kf3 Rf1+ 51. Ke4 g6 52. c4 Rh1 53. Bb6
Rxh3 54. a5 Ra3 55. Kxe5 h5 56. Kf4 h4 {White resigns} 0-1

[Event "Team 45 45 League T87"]
[Site "Internet Chess Club"]
[Date "2021.01.28"]
[Round "4"]
[White "elmaestro"]
[Black "hipopotamos"]
[Result "1/2-1/2"]
[WhiteElo "1647"]
[BlackElo "1634"]
[Opening "Queen's pawn: stonewall attack"]
[ECO "D00"]
[Time "22:10:51"]
[TimeControl "2700+45"]

1. d4 d5 2. e3 Nf6 3. Bd3 e6 4. Nd2 Be7 5. f4 O-O 6. Ngf3 c5 7. c3 Nbd7 8. Ne5
Re8 9. g4 Nf8 10. g5 N6d7 11. h4 f6 12. Ng4 Bd6 13. O-O e5 14. dxe5 fxe5 15. f5
e4 16. Bb5 Re7 17. f6 Rf7 18. fxg7 Rxf1+ 19. Qxf1 Kxg7 20. c4 a6 21. Bxd7 Bxd7
22. Nh6 Be6 23. cxd5 Bxd5 24. Nxe4 Be5 25. Qf5 Ng6 26. Nf6 Bxf6 27. gxf6+ Qxf6
28. Qxd5 Kxh6 29. e4+ Kg7 30. Qxb7+ Ne7 31. Qxa8 Qxh4 32. e5 Qe1+ 33. Kg2 Qe2+
34. Kg1 Qe1+ 35. Kh2 Qxe5+ 36. Kh3 Qh5+ 37. Kg2 Qg4+ 38. Kf2 Qh4+ 39. Ke2 Qc4+
40. Kd1 Qf1+ 41. Kc2 Qc4+ 42. Kd2 Qf4+ 43. Ke1 Qg3+ 44. Ke2 Qh2+ 45. Kd3 Qd6+
46. Ke2 Qe5+ 47. Be3 Qxb2+ 48. Bd2 Qxa1 49. Qg2+ Kf7 50. Qf2+ Qf6 51. Qxc5 Qe6+
52. Kd1 Qxa2 53. Qh5+ Ke6 54. Qg4+ Kd6 55. Bb4+ Kd5 56. Qd7+ Kc4 57. Bxe7 Qb1+
58. Ke2 Qc2+ 59. Ke3 Qc3+ 60. Ke4 Qc2+ 61. Ke3 Qc3+ 62. Ke4 Qc2+ 63. Ke3 Qc3+
{Game drawn by repetition} 1/2-1/2

[Event "Team 45 45 League T87"]
[Site "Internet Chess Club"]
[Date "2021.01.30"]
[Round "4"]
[White "Kingfisher75"]
[Black "Signofthetimes"]
[Result "1-0"]
[WhiteElo "1552"]
[BlackElo "1590"]
[Opening "Caro-Kann: two knights, 3...Bg4"]
[ECO "B11"]
[Time "09:01:08"]
[TimeControl "2700+45"]

1. e4 c6 2. Nc3 d5 3. Nf3 Bg4 4. h3 Bh5 5. exd5 cxd5 6. Bb5+ Nc6 7. g4 Bg6 8.
Ne5 Qd6 9. Nxg6 hxg6 10. d4 e6 11. Qf3 Nf6 12. Bf4 Qb4 13. O-O-O Be7 14. h4 Bd6
15. Bxd6 Qxd6 16. h5 gxh5 17. gxh5 O-O-O 18. h6 Qe7 19. hxg7 Rhg8 20. Bxc6 bxc6
21. Rdg1 Ne8 22. Rh8 Rxg7 23. Rxg7 Nxg7 24. Rxd8+ Kxd8 25. Qf4 Qc7 26. Qf6+ Kc8
27. Qxg7 Qf4+ 28. Kb1 Qxf2 29. b3 Kb7 30. Kb2 Ka6 31. Na4 Kb5 32. Qh8 Ka5 33.
Qd8+ Kb5 34. Qb8+ Ka5 35. Qxa7+ {Black resigns} 1-0

[Event "Team 45 45 League T87"]
[Site "Internet Chess Club"]
[Date "2021.02.02"]
[Round "4"]
[White "evan7284"]
[Black "fireball"]
[Result "1-0"]
[WhiteElo "1687"]
[BlackElo "1474"]
[Opening "Queen's pawn: London system"]
[ECO "A45"]
[Time "10:16:37"]
[TimeControl "2700+45"]

1. d4 Nf6 2. Bf4 e6 3. e3 c5 4. c3 Nc6 5. Nd2 d5 6. Bd3 c4 7. Bc2 Bd6 8. Bxd6
Qxd6 9. f4 O-O 10. Ngf3 Ng4 11. Qe2 f5 12. O-O Bd7 13. Ne5 Ncxe5 14. fxe5 Qe7
15. h3 Nh6 16. Nf3 Be8 17. Nh2 Qg5 18. Qf3 Bh5 19. Qf4 Qxf4 20. exf4 b5 21. a3
a5 22. Nf3 Nf7 23. h4 Nh6 24. Ng5 Rfe8 25. Rfe1 Nf7 26. Nxf7 Kxf7 27. Kf2 h6 28.
g3 Rg8 29. Rg1 g5 30. Rab1 gxf4 31. gxf4 Rg4 32. Rxg4 Bxg4 33. b3 Rb8 34. bxc4
dxc4 35. Ba4 Ke7 36. Rxb5 Ra8 37. Rb7+ Kf8 38. Rh7 Ra6 39. Rxh6 Kg7 40. Rf6 Bh5
41. Bb5 Rb6 42. Bxc4 Rb2+ 43. Ke3 Rh2 44. Bxe6 Rxh4 45. d5 Rh3+ 46. Kd4 Be2 47.
Bxf5 Rh1 48. Ke3 Bc4 49. d6 Rd1 50. d7 Bb5 51. Rd6 Re1+ 52. Kd4 Bxd7 53. Bxd7
Rd1+ 54. Kc5 {Black resigns} 1-0